 Dungeon Crawl Stone Soup version 0.31-a0-339-gda1cbd555d (webtiles) character file.

Game seed: 12531020400163443495

43 BritishOli the Trooper (level 3, 0/25 (29) HPs)
             Began as a Demonspawn Fighter on July 20, 2023.
             Slain by a gnoll
             ... wielding a +0 flail
              (8 damage)
             ... on level 1 of the Dungeon.
             The game lasted 00:01:59 (1090 turns).

BritishOli the Trooper (Demonspawn Fighter)         Turns: 1090, Time: 00:02:00

HP:   0/25 (29)     AC:  6    Str: 18    XL:     3   Next: 37%
MP:   3/3           EV:  9    Int:  9    God:
Gold: 67            SH:  4    Dex: 12    Spells: 2/2 levels left

rFire   . . .        a - +0 war axe
rCold   . . .        c - +0 buckler
rNeg    . . .        b - +0 scale mail
rPois   .            (no helmet)
rElec   .            (no cloak)
rCorr   .            (no gloves)
SInv    .            (no boots)
Will    .....        (no amulet) Stlth
                     (no ring)
HPRegen 0.24/turn    (no ring)
MPRegen 0.08/turn

%: no passive effects
@: heavily drained
A: hooves 1, demonic guardian 1
a: no special abilities


You were on level 1 of the Dungeon.
You visited 1 branch of the dungeon, and saw 2 of its levels.

You collected 67 gold pieces.

Inventory:

Hand Weapons
 a - a +0 war axe (weapon)
Armour
 b - a +0 scale mail (worn)
 c - a +0 buckler (worn)
Jewellery
 i - a ring of poison resistance
 k - an amulet of faith
Scrolls
 f - a scroll of teleportation {unknown}
 g - a scroll of enchant weapon {unknown}
 h - a scroll of enchant armour {unknown}
 n - a scroll of brand weapon {unknown}
Potions
 d - a potion of might
 e - a potion of brilliance {unknown}
 j - a potion of ambrosia {unknown}
 l - a potion of curing {unknown}
 m - a potion of haste {unknown}


   Skills:
 + Level 3.4 Fighting
 + Level 2.3 Axes
 + Level 3.1 Armour
 - Level 3.0 Shields


You had 2 spell levels left.
You didn't know any spells.
Your spell library was empty.

Dungeon Overview and Level Annotations

Branches:
Dungeon (2/15)

Altars:


Innate Abilities, Weirdness & Mutations

You have large cloven feet.
A weak demonic guardian rushes to your aid.


Message History

You climb downwards.
The gnoll barely misses you.
The gnoll hits you with a +2 flail of draining.
You feel drained. The gnoll hits you with a +0 flail.
The gnoll hits you with a +2 flail of draining.
You feel drained.
There is a stone staircase leading up here.
The gnoll closely misses you. The gnoll hits you with a +0 flail.
You climb upwards.
There is a stone staircase leading down here.
You slash the gnoll!
The gnoll is severely wounded.
You barely miss the gnoll.
The gnoll hits you with a +2 flail of draining!
* * * LOW HITPOINT WARNING * * *
You feel drained.
* * * LOW HITPOINT WARNING * * *
The gnoll hits you with a +0 flail.
* * * LOW HITPOINT WARNING * * *
A demonic guardian appears!
You swap places.
The gnoll completely misses your iron imp.
The gnoll closely misses your iron imp.
The gnoll hits your iron imp with a +2 flail of draining.
The gnoll hits your iron imp with a +0 flail!
Your iron imp hits the gnoll!
You aren't carrying any items that you can evoke.
There is a stone staircase leading down here.
You climb downwards.
There is a stone staircase leading up here.
You start resting.
HP restored.
You climb upwards.
The gnoll hits you with a +0 flail! The gnoll hits you with a +0 flail.
There is a stone staircase leading down, spattered with blood here.
You barely miss the gnoll. The gnoll hits you with a +0 flail.
You hit the gnoll but do no damage. The gnoll hits you with a +0 flail.
You closely miss the gnoll. You kick the gnoll.
The gnoll is moderately wounded.
The gnoll barely misses you. The gnoll hits you with a +0 flail!
You die...

#.........# #.........#
#.........# ##### #.........#
....# #.........# ....#
#.........# #####
....####.........# #...#
.###.............###########.#.#
................@g...........#.#
.####.##.#.#####.#############.#
.####.##.#.#####.#......######.#
.......#.#.......#.............#
#...#..#.######..#.####.########
#...#..#.######..######.#
#)..####......#.......#.# #...#
######.#..####.#.# #...#
#.#[..###.#.#


You could see a gnoll.

Vanquished Creatures
  A gnoll (D:1)
  2 dart slugs (D:1)
  3 ball pythons
  4 bats (D:1)
  4 endoplasms
  A giant cockroach (D:2)
  2 goblins (D:1)
  2 hobgoblins
  2 quokkas
  A frilled lizard (D:1)
  3 kobolds
  A rat (D:1)
26 creatures vanquished.

Notes
Turn   | Place    | Note
-------+----------+-------------------------------------------
     0 | D:1      | BritishOli the Demonspawn Fighter began the quest for the
                  | Orb.
     0 | D:1      | Reached XP level 1. HP: 18/18 MP: 1/1
    86 | D:1      | Gained mutation: You have large cloven feet. [demonic
                  | ancestry]
    86 | D:1      | Reached XP level 2. HP: 24/24 MP: 2/2
   239 | D:1      | Gained mutation: A weak demonic guardian rushes to your
                  | aid. [demonic ancestry]
   239 | D:1      | Reached XP level 3. HP: 26/29 MP: 3/3
  1090 | D:1      | Slain by a gnoll

Illustrated notes

Levels and vault maps discovered:
D:1:      saegor_arrival_simple_d, layout_basic
D:2:      wad_pebble_path, layout_loops_ring,
          hellmonk_ecumenical_altar_watching_god, uniq_jessica,
          uniq_crazy_yiuf_cottage

Skill      XL: |  1  2 |
---------------+-------+-----
Axes           | 2 |  2.3
Armour         | 3 |  3.1
Shields        | 3 |  3.0
Fighting       | |  3.4

Action                     || total
---------------------------++-------
  Melee: War axe           ||    72
         Kick              ||     7
 Armour: Scale mail        ||    39
  Dodge: Dodged            ||    32
  Block: Buckler           ||    20

Table legend: (Time is in decaauts)
 A = Elapsed time spent in this place.
 B = Non-inter-level travel time spent in this place.
 C = Inter-level travel time spent in this place.
 D = Time resting spent in this place.
 E = Time spent auto-exploring this place.
 F = Levels seen in this place.
 G = Mean time per level.
                   A        B        C        D        E       F      G
               +--------+--------+--------+--------+--------+-----+--------+
         Total |   1124 |   1101 |     23 |    106 |    756 |   2 |  562.0 |
       Dungeon |   1124 |   1101 |     23 |    106 |    756 |   2 |  562.0 |
               +--------+--------+--------+--------+--------+-----+--------+

Top non-repeatable levels by time:
     D:1: 824 daAuts
     D:2: 299 daAuts
